[Event "Titled Tuesday Blitz November 22 Early 2022"]
[White "Ljukin, Sergei"]
[Black "Kiseljova, Marya"]
[WhiteFideId "14102200"]
[BlackFideId "4155009"]
[WhiteElo "2312"]
[BlackElo "1907"]
[Result "1-0"]
[Round "03"]
[TimeControl "180+1"]
[Date "2022.11.23"]
[WhiteClock "0:00:07"]
[BlackClock "0:00:01"]

1. e4 c5 2. Nf3 Nc6 3. d4 cxd4 4. Nxd4 g6 5. Nc3 Bg7 6. Be3 Nf6 7. f3 O-O 8. Bc4 e6 9. Bb3 Re8 10. O-O d5 11. exd5 Nxd5 12. Nxd5 exd5 13. Bf2 Qg5 14. c3 Bh3 15. Bg3 Nxd4 16. cxd4 Be6 17. Re1 h5 18. Be5 f6 19. Bd6 Rad8 20. Bb4 h4 21. Bd2 Qh5 22. h3 Qf5 23. Bc2 Qh5 24. Be3 Bf7 25. Bf2 Bh6 26. Bb3 Bf4 27. Qd3 Kg7 28. Qb5 Rxe1+ 29. Rxe1 b6 30. Re7 Kf8 31. Rxa7 Qf5 32. Qb4+ Bd6 33. Qd2 Qb1+ 34. Qe1 Qxb2 35. Qd1 Kg7 36. Bxh4 g5 37. Bf2 Kg6 38. Rb7 b5 39. Rxb5 Qc3 40. Rb7 Qc6 41. Ra7 Qb6 42. Ra4 Be8 43. Qd3+ Kg7 44. Bc2 Bxa4 45. Qg6+ Kf8 46. Qxf6+ Ke8 47. Bxa4+ Rd7 48. Qe6+ Kf8 49. Qf6+ Ke8 50. Qe6+ Kf8 51. Bxd7 Qb1+ 52. Qe1 Qd3 53. h4 gxh4 54. Qe8+ Kg7 55. Qe3 Qb1+ 56. Be1 Qg6 57. Bg4 h3 58. gxh3 Qf6 59. Kg2 Qg6 60. Bg3 Qc2+ 61. Qf2 Qxf2+ 62. Kxf2 Bb4 63. Kg2 Bc3 64. Be5+ Kg6 65. a4 Bb4 66. Bd7 Bc3 67. Bc6 Kf5 68. Bxd5 Bd2 69. Be4+ Kg5 70. Kg3 Be1+ 71. Kg2 Bd2 72. d5 Bb4 73. d6 Ba5 74. d7 Bd8 75. f4+ Kh4 76. Kf3 Kh5 77. Ke3 Kh4 78. Bf5 Kh5 79. Kd3 1-0


[Site "https://www.chess.com"]

[Event "Titled Tuesday Blitz November 22 Early 2022"]
[White "Lorenzo De La Riva, Lazaro"]
[Black "Nugumanov, Bakhtiyar"]
[WhiteFideId "2268809"]
[BlackFideId "13701797"]
[WhiteElo "2294"]
[BlackElo "2287"]
[Result "0-1"]
[Round "03"]
[TimeControl "180+1"]
[Date "2022.11.23"]
[WhiteClock "0:00:10"]
[BlackClock "0:00:10"]

1. e4 d6 2. d4 Nf6 3. Nc3 g6 4. Nf3 Bg7 5. Bc4 O-O 6. Qe2 Nc6 7. e5 Ng4 8. h3 Nh6 9. g4 dxe5 10. dxe5 e6 11. Bg5 Qd7 12. Ne4 Nd4 13. Nxd4 Qxd4 14. Nf6+ Kh8 15. Rd1 Qxb2 16. Qd2 Ng8 17. f4 Nxf6 18. exf6 Bxf6 19. O-O Bg7 20. Rf3 Qb6+ 21. Kh2 c6 22. Rd3 h6 23. Bh4 Qc7 24. Bg3 b5 25. Bb3 Bb7 26. Rd7 Qb6 27. Bf2 Qa6 28. Qd6 c5 29. Qc7 Bf3 30. R1d3 c4 31. Rxf3 cxb3 32. axb3 Rac8 33. Qd6 Qxd6 34. Rxd6 Rxc2 35. Rd7 Rfc8 36. Rxa7 Bd4 37. Rxf7 Bxf2 38. Kg2 Bd4+ 39. Kf1 Rc1+ 40. Ke2 R8c2+ 41. Kd3 Bg7 42. Ke4 Re2+ 43. Kd3 Rb2 44. Ke4 Re1+ 45. Kd3 Rxb3+ 46. Kc2 Rxf3 47. g5 Rf2+ 48. Kd3 Rd1+ 49. Ke4 Re2+ 50. Kf3 Red2 51. gxh6 Bxh6 52. Kg4 Rg2+ 53. Kf3 Rdg1 54. h4 Rg3+ 55. Ke4 Rg4 56. Ke5 Bg7+ 57. Ke4 Rxh4 58. Kf3 Re1 59. Kg3 Rhh1 60. Kg2 Rhg1+ 61. Kh2 Rgf1 62. Kg2 Rg1+ 63. Kh2 Rgf1 64. Kg2 Rb1 65. Kh2 b4 66. Kg2 b3 67. Rb7 b2 68. Rb8+ Kh7 69. Kh2 Rfe1 70. Kg2 Rbd1 71. Kf2 b1=Q 72. Re8 Rc1 73. Kg3 Qb3+ 74. Kg4 Rg1+ 75. Kh4 Rce1 76. Rh8+ Bxh8 77. f5 Qg3# 0-1


[Site "https://www.chess.com"]

[Event "Titled Tuesday Blitz November 22 Early 2022"]
[White "Makhmudov, Shukhrat"]
[Black "Szyszylo, Rafal"]
[WhiteFideId "14200775"]
[BlackFideId "1109626"]
[WhiteElo "2135"]
[BlackElo "1981"]
[Result "1-0"]
[Round "03"]
[TimeControl "180+1"]
[Date "2022.11.23"]
[WhiteClock "0:00:31"]
[BlackClock "0:00:08"]

1. d4 d6 2. c4 g6 3. g3 Nf6 4. Bg2 Bg7 5. Nf3 O-O 6. O-O Nc6 7. Nc3 a6 8. e4 Rb8 9. Re1 Bg4 10. Be3 e5 11. d5 Nd4 12. Bxd4 exd4 13. Qxd4 Nd7 14. Qd2 Bxf3 15. Bxf3 b5 16. cxb5 axb5 17. b4 Qf6 18. Re3 Ne5 19. Be2 Nc4 20. Bxc4 bxc4 21. a3 Qd4 22. Qe2 Ra8 23. Rd1 Qb6 24. Ra1 Bd4 25. Rf3 Rfe8 26. Qxc4 Re7 27. Rd1 Bg7 28. a4 Bxc3 29. a5 Qxb4 30. Rxc3 Qxa5 31. Kg2 Rae8 32. Rd4 Rb8 33. Rf3 Rb2 34. Qc6 Kg7 35. Ra4 Qd2 36. Qc3+ Qxc3 37. Rxc3 Re2 38. Kf3 Rb2 39. Ra7 Rb4 40. Rcxc7 Rbxe4 41. Rxe7 1-0


[Site "https://www.chess.com"]

[Event "Titled Tuesday Blitz November 22 Early 2022"]
[White "Manon-og, Ramon Jr."]
[Black "Beerdsen, Thomas"]
[WhiteFideId "5200776"]
[BlackFideId "1030108"]
[WhiteElo "2324"]
[BlackElo "2567"]
[Result "0-1"]
[Round "03"]
[TimeControl "180+1"]
[Date "2022.11.23"]
[WhiteClock "0:00:04"]
[BlackClock "0:01:28"]

1. e4 g5 2. d4 g4 3. Qxg4 d5 4. Qf3 dxe4 5. Qxe4 Nf6 6. Qd3 Nc6 7. c3 Qd5 8. Nf3 Rg8 9. Nbd2 Bf5 10. Qc4 O-O-O 11. Qxd5 Nxd5 12. Nh4 Bc2 13. g3 e5 14. dxe5 Kb8 15. Be2 Nxe5 16. O-O Nf4 17. Re1 Ned3 18. Bxd3 Nxd3 19. Re2 Bd1 20. Re3 Bc5 21. Ne4 Bxe3 22. Bxe3 Nxb2 23. Nf6 Rh8 24. Rb1 Nc4 25. Bd4 Bc2 26. Rc1 Ba4 27. Rb1 Bc6 28. Nf5 Nd2 29. Rb4 a5 30. Rb2 Nf3+ 31. Kf1 h5 32. Ne7 Nxd4 33. cxd4 Bf3 34. d5 Ka7 35. Rb3 Bg4 36. Kg2 Rd6 37. Nxg4 hxg4 38. Rc3 Rdh6 39. Rxc7 Rxh2+ 40. Kf1 Kb8 41. d6 Rd8 0-1


[Site "https://www.chess.com"]

[Event "Titled Tuesday Blitz November 22 Early 2022"]
[White "Melikyan, Gnel"]
[Black "Jumabayev, Rinat"]
[WhiteFideId "54109990"]
[BlackFideId "13702661"]
[WhiteElo "2138"]
[BlackElo "2561"]
[Result "1-0"]
[Round "03"]
[TimeControl "180+1"]
[Date "2022.11.23"]
[WhiteClock "0:00:04"]
[BlackClock "0:00:01"]

1. e4 c5 2. Nf3 Nc6 3. Bb5 e6 4. O-O Nge7 5. Re1 Ng6 6. c3 d5 7. exd5 Qxd5 8. d4 cxd4 9. Nxd4 Bd7 10. Bxc6 Bxc6 11. Nxc6 Qxc6 12. Be3 Bd6 13. Nd2 O-O 14. Qf3 Rfc8 15. Red1 Ne5 16. Qxc6 Rxc6 17. Bf4 Nd3 18. Bxd6 Rxd6 19. Nc4 Rd5 20. Ne3 Rd7 21. b3 Kf8 22. Kf1 Rad8 23. g3 Ke7 24. Ke2 f5 25. Nc2 Kf6 26. f4 Nc5 27. Rxd7 Rxd7 28. Nd4 Ne4 29. Kd3 Nf2+ 30. Ke2 Ne4 31. Kd3 Rc7 32. Rc1 a6 33. c4 Rd7 34. Ke3 h6 35. b4 e5 36. fxe5+ Kxe5 37. Nf3+ Kf6 38. c5 Re7 39. c6 Nxg3+ 40. Kd3 Ne2 41. Rc4 b5 42. Rc5 Nf4+ 43. Kd4 Ne6+ 44. Kd5 Nxc5 45. bxc5 g5 46. Kd6 g4 47. Nd4 f4 48. c7 Rxc7 49. Kxc7 f3 50. Nc2 Ke5 51. Kb6 Ke4 52. c6 f2 53. c7 f1=Q 54. c8=Q Qf2+ 55. Qc5 Qxh2 56. Qd4+ Kf5 57. Ne3+ Ke6 58. Qxg4+ Kf7 59. Qf5+ Kg7 60. Qd7+ Kg6 61. Qe6+ Kh7 62. Qf7+ Kh8 63. Nf5 Qb8+ 64. Kxa6 Qa8+ 65. Kxb5 Qb8+ 66. Kc6 Qc8+ 67. Kd6 Qd8+ 68. Ke5 Qb8+ 69. Kf6 Qd8+ 70. Qe7 Qb6+ 71. Qe6 Qd8+ 72. Kf7 1-0


[Site "https://www.chess.com"]

[Event "Titled Tuesday Blitz November 22 Early 2022"]
[White "Mohammed, Dilshad"]
[Black "Donchenko, Alexander"]
[WhiteFideId "5050421"]
[BlackFideId "24603295"]
[WhiteElo "2102"]
[BlackElo "2572"]
[Result "0-1"]
[Round "03"]
[TimeControl "180+1"]
[Date "2022.11.23"]
[WhiteClock "0:00:48"]
[BlackClock "0:01:55"]

1. Nf3 d5 2. c4 e6 3. e3 Nf6 4. Nc3 Be7 5. cxd5 exd5 6. d4 O-O 7. Bd3 Re8 8. O-O Nbd7 9. Qc2 Nf8 10. a3 a5 11. Ne5 c6 12. f4 N6d7 13. Rf3 f6 14. Ng4 Nb6 15. Nf2 Nc4 16. Bxc4 dxc4 17. Bd2 b5 18. Ne2 Be6 19. Ng3 Qd7 20. f5 Bf7 21. Re1 b4 22. axb4 axb4 23. Nfe4 Ra2 24. Qb1 Rea8 25. Nc5 Bxc5 26. dxc5 Qxd2 27. Re2 Qxe2 28. Nxe2 Ra1 29. Rf1 Rxb1 30. Rxb1 Nd7 31. Nd4 Ne5 32. Rd1 Ra2 33. Rb1 Bd5 34. h3 Be4 35. Rd1 Rxb2 0-1


[Site "https://www.chess.com"]

[Event "Titled Tuesday Blitz November 22 Early 2022"]
[White "Mohammed, Zozek Salah Mohammed"]
[Black "Sharifov, Mekhriddin"]
[WhiteFideId "4803361"]
[BlackFideId "14701545"]
[WhiteElo "2199"]
[BlackElo "2109"]
[Result "0-1"]
[Round "03"]
[TimeControl "180+1"]
[Date "2022.11.23"]
[WhiteClock "0:00:06"]
[BlackClock "0:01:05"]

1. d4 Nf6 2. Nf3 e6 3. c4 b6 4. g3 Ba6 5. b3 Bb4+ 6. Bd2 Be7 7. Bg2 O-O 8. O-O d5 9. Ne5 c5 10. Bc3 Ne4 11. Bb2 f6 12. Nd3 f5 13. Ne5 Bb7 14. Nd2 Nd7 15. Nxd7 Qxd7 16. Qc2 Nxd2 17. Qxd2 dxc4 18. Bxb7 Qxb7 19. bxc4 cxd4 20. Bxd4 Rfd8 21. Qc3 Bf8 22. Rac1 Rac8 23. Rfd1 Qe4 24. e3 h5 25. h4 Qf3 26. Qe1 Rc6 27. Be5 Rdc8 28. Rd4 b5 29. Qd1 Qxd1+ 30. Rcxd1 bxc4 31. Rd7 c3 32. Rxa7 c2 33. Rc1 Rc5 34. Bd4 Rc4 35. Kf1 Rb4 36. Ke2 Rb1 37. Kd2 Bb4+ 38. Kd3 Rxc1 39. Rxg7+ Kf8 40. Rc7 Rd1+ 41. Ke2 Rxc7 0-1


[Site "https://www.chess.com"]

[Event "Titled Tuesday Blitz November 22 Early 2022"]
[White "Moroni, Luca Jr"]
[Black "Firouzja, Alireza"]
[WhiteFideId "865834"]
[BlackFideId "12573981"]
[WhiteElo "2573"]
[BlackElo "2903"]
[Result "0-1"]
[Round "03"]
[TimeControl "180+1"]
[Date "2022.11.22"]
[WhiteClock "0:00:09"]
[BlackClock "0:00:11"]

1. d4 Nf6 2. Nf3 g6 3. g3 Bg7 4. Bg2 O-O 5. b3 d6 6. Bb2 Nbd7 7. O-O c6 8. c4 Re8 9. Nc3 e5 10. e4 a6 11. d5 Nc5 12. Ne1 cxd5 13. cxd5 b5 14. Nd3 Nxd3 15. Qxd3 b4 16. Nd1 a5 17. Ne3 Ba6 18. Nc4 a4 19. Rac1 a3 20. Ba1 Rc8 21. h3 Nd7 22. f4 Bxc4 23. Rxc4 Qb6+ 24. Kh1 Rxc4 25. Qxc4 Qc5 26. Rc1 Rc8 27. Bf1 Qxc4 28. Bxc4 f6 29. Kg2 Bh6 30. Kf3 g5 31. fxg5 Bxg5 32. Rc2 Kg7 33. Bd3 Rxc2 34. Bxc2 Bc1 35. Ke2 Nc5 36. Kd1 Bh6 37. Ke2 Kg6 38. Kf3 Bc1 39. Ke2 h5 40. h4 Kf7 41. Kf3 Kg6 42. Ke2 Kh6 43. Kf3 Kg7 44. Ke2 Kg6 45. Kf3 Bh6 46. Ke2 Bf8 47. Kf3 Be7 48. Ke2 Bd8 49. Kf3 Bb6 50. Ke2 Nd7 51. Kf3 Bc5 52. Ke2 Kg7 53. Kf3 Nf8 54. Ke2 Ng6 55. Kf3 Ne7 56. Bd3 Ng8 57. Bb5 Nh6 58. Be8 Ng4 59. Bxh5 Ne3 60. Ke2 Nc2 61. Kd2 Nxa1 62. Bd1 Bf2 63. h5 Bxg3 64. Kd3 Bf2 65. Kc4 Bc5 66. Kb5 Kh6 67. Kc4 Kg5 68. Kd3 f5 69. exf5 Kxf5 70. Kc4 e4 71. Kb5 Kg5 72. Kc4 Kh6 73. Kb5 e3 74. Kc4 Nc2 75. Kd3 Ne1+ 76. Ke2 Ng2 77. Kf3 e2 78. Bxe2 Ne3 79. Ke4 Nc2 80. Kd3 Nd4 81. Bd1 Nb5 0-1


[Site "https://www.chess.com"]

[Event "Titled Tuesday Blitz November 22 Early 2022"]
[White "Mortazavi, Ali"]
[Black "Berezin, Viktor"]
[WhiteFideId "401323"]
[BlackFideId "14107872"]
[WhiteElo "2339"]
[BlackElo "2310"]
[Result "1-0"]
[Round "03"]
[TimeControl "180+1"]
[Date "2022.11.23"]
[WhiteClock "0:00:08"]
[BlackClock "0:00:09"]

1. Nf3 Nf6 2. g3 g6 3. Bg2 Bg7 4. O-O O-O 5. d3 d6 6. e4 Nc6 7. Nc3 a6 8. a4 Rb8 9. a5 e5 10. h3 d5 11. Bg5 d4 12. Nd5 Be6 13. Re1 Re8 14. c4 Na7 15. Nxe5 h6 16. Bxf6 Bxf6 17. Nxf6+ Qxf6 18. Nf3 Nc6 19. Qd2 Kh7 20. Nh2 b6 21. axb6 Rxb6 22. f4 Reb8 23. Ra2 Rb3 24. e5 Qe7 25. Bxc6 Bxh3 26. Bg2 Bf5 27. Be4 Qe6 28. Re2 R8b6 29. Nf3 Bxe4 30. Rxe4 Qh3 31. Qf2 Rxd3 32. Rxd4 Rbb3 33. Ra3 Rxa3 34. bxa3 Rxa3 35. Rd1 Rc3 36. Qg2 Qg4 37. Rf1 Rxc4 38. Nh2 Qe6 39. Rd1 Rc3 40. Nf1 Qb6+ 41. Qf2 Qb5 42. Qd4 Rc2 43. Qd7 Qc5+ 44. Qd4 Qc6 45. Qd5 Qb6+ 46. Kh1 Kg7 47. Qd4 Qc6+ 48. Qd5 Qb6 49. Rd2 Rc1 50. Kg2 Rc5 51. Qd4 Qc6+ 52. Kh2 Rc4 53. Qd5 Qa4 54. e6 Qb5 55. Qxb5 axb5 56. Rf2 fxe6 57. Rb2 c6 58. Ne3 Rc3 59. Ng4 g5 60. fxg5 hxg5 61. Ne5 Kf6 62. Nd7+ Ke7 63. Ne5 Kd6 64. Nf7+ Kd5 65. Nxg5 c5 66. Kg2 b4 67. Kf2 Kc4 68. Nf3 Ra3 69. g4 Kc3 70. Re2 b3 71. Re3+ Kb4 72. Nd2 Ra2 73. Rxb3+ Ka4 74. Rd3 c4 75. Rd4 Kb5 76. Ke3 c3 77. Ne4 c2 78. Nc3+ Kc5 79. Nxa2 e5 80. Nc1 exd4+ 81. Ke4 Kc4 82. g5 Kc3 83. g6 Kd2 84. Nb3+ Kc3 85. Nc1 Kd2 86. Nd3 c1=Q 87. Nxc1 d3 88. Kd4 Kxc1 89. Kxd3 Kd1 90. g7 Kc1 91. g8=Q 1-0


[Site "https://www.chess.com"]

[Event "Titled Tuesday Blitz November 22 Early 2022"]
[White "Muminova, Nafisa"]
[Black "Torres Dominguez, David"]
[WhiteFideId "14201526"]
[BlackFideId "2220857"]
[WhiteElo "2258"]
[BlackElo "2037"]
[Result "1-0"]
[Round "03"]
[TimeControl "180+1"]
[Date "2022.11.23"]
[WhiteClock "0:00:16"]
[BlackClock "0:00:17"]

1. e4 Nc6 2. Nf3 e5 3. d4 exd4 4. Nxd4 Nf6 5. Nxc6 bxc6 6. e5 Qe7 7. Qe2 Nd5 8. c4 Ba6 9. Nd2 g6 10. Nf3 Bg7 11. Bg5 Qb4+ 12. Qd2 Qxd2+ 13. Bxd2 Nb6 14. b3 d6 15. O-O-O dxe5 16. Nxe5 Bb7 17. Bf4 O-O 18. Bd3 Rad8 19. Rhe1 c5 20. f3 f6 21. Ng4 Rfe8 22. Rxe8+ Rxe8 23. Bxc7 h5 24. Bxg6 Rc8 25. Bxb6 hxg4 26. Bxa7 gxf3 27. gxf3 Bxf3 28. Rd7 Bg4 29. Rb7 Bh6+ 30. Kb2 Bf4 31. Bf7+ Kh8 32. h4 Be5+ 33. Kc1 Rd8 34. Bd5 Bd4 35. Rb8 Rxb8 36. Bxb8 Bf2 37. a4 Bxh4 38. a5 Bc8 39. Bd6 Bf2 40. Bc6 f5 41. Bb5 Be3+ 42. Kd1 f4 43. Ke2 Bg4+ 44. Kd3 Bf5+ 45. Ke2 Bg4+ 46. Ke1 Bf3 47. a6 Ba8 48. Bd7 f3 49. Bg3 Kg7 50. Bc8 1-0


[Site "https://www.chess.com"]

[Event "Titled Tuesday Blitz November 22 Early 2022"]
[White "Nguyen Hong Nhung"]
[Black "Rose, Felix"]
[WhiteFideId "12412201"]
[BlackFideId "5105722"]
[WhiteElo "1904"]
[BlackElo "2039"]
[Result "1/2-1/2"]
[Round "03"]
[TimeControl "180+1"]
[Date "2022.11.23"]
[WhiteClock "0:00:38"]
[BlackClock "0:00:05"]

1. e4 e5 2. Nf3 Nc6 3. d4 exd4 4. Nxd4 Nf6 5. Nc3 Bb4 6. Nxc6 bxc6 7. Bd3 d5 8. exd5 O-O 9. O-O cxd5 10. Bg5 c6 11. Qf3 h6 12. Bh4 Rb8 13. h3 Bd6 14. Rab1 Rb4 15. Bg3 Re8 16. a3 Rb6 17. Bxd6 Qxd6 18. Ne2 Bd7 19. Ng3 a5 20. Rfd1 Reb8 21. b3 Qxa3 22. Ra1 Qc5 23. Nf5 Bxf5 24. Qxf5 Rb4 25. Re1 Qc3 26. Red1 Ra8 27. Qf3 g6 28. Qe3 Kg7 29. Qe7 a4 30. bxa4 Rbxa4 31. Rab1 Ra1 32. Kh2 Rxb1 33. Rxb1 Qd4 34. Kg1 Ra1 35. Rxa1 Qxa1+ 36. Kh2 Qd4 37. Kg1 c5 38. Bb5 Qf4 39. Qxc5 Ne4 40. Qd4+ Qf6 41. Qe3 Qa1+ 42. Kh2 Qe5+ 43. Kg1 d4 44. Qe2 Qf4 45. Bd3 Nc3 46. Qe1 h5 47. Qa1 h4 48. Qa7 Qc1+ 49. Kh2 Qf4+ 50. Kg1 Qc1+ 51. Kh2 Qf4+ 52. Kg1 1/2-1/2


[Site "https://www.chess.com"]

[Event "Titled Tuesday Blitz November 22 Early 2022"]
[White "Odinaev, Timur"]
[Black "Fernandez Siles, Luis"]
[WhiteFideId "4163770"]
[BlackFideId "2209420"]
[WhiteElo "2306"]
[BlackElo "2186"]
[Result "1-0"]
[Round "03"]
[TimeControl "180+1"]
[Date "2022.11.23"]
[WhiteClock "0:01:12"]
[BlackClock "0:00:17"]

1. e4 c5 2. Nf3 Nc6 3. d4 cxd4 4. Nxd4 Nf6 5. Nc3 e5 6. Ndb5 d6 7. Bg5 a6 8. Na3 b5 9. Nd5 Be7 10. Bxf6 Bxf6 11. c3 O-O 12. Nc2 Rb8 13. a4 bxa4 14. Ncb4 Nxb4 15. cxb4 Bb7 16. Rxa4 Bg5 17. Bc4 Bc6 18. Rxa6 Bxd5 19. Qxd5 Rxb4 20. O-O Kh8 21. Rxd6 Qe7 22. b3 f5 23. Re6 Qa7 24. exf5 Bf6 25. g3 h6 26. h4 Rbb8 27. Rd1 Rbd8 28. Rd6 Rxd6 29. Qxd6 Qa5 30. Qxf8+ 1-0


[Site "https://www.chess.com"]

[Event "Titled Tuesday Blitz November 22 Early 2022"]
[White "Oparin, Grigoriy"]
[Black "Movahed, Sina"]
[WhiteFideId "24125890"]
[BlackFideId "42520835"]
[WhiteElo "2639"]
[BlackElo "2225"]
[Result "0-1"]
[Round "03"]
[TimeControl "180+1"]
[Date "2022.11.22"]
[WhiteClock "0:00:27"]
[BlackClock "0:01:53"]

1. d4 Nf6 2. c4 g6 3. Nc3 Bg7 4. e4 O-O 5. Be2 d6 6. h4 c5 7. d5 e6 8. h5 exd5 9. exd5 Re8 10. h6 Bh8 11. Bg5 Nbd7 12. Kf1 a6 13. a4 Qa5 14. Rc1 Ne4 15. Nxe4 Rxe4 16. b3 Re8 17. Nf3 Ne5 18. Nh4 b5 19. f4 Nd7 20. Nf3 bxa4 21. bxa4 Nb6 22. Kf2 Bd7 23. Qe1 Qxa4 24. Qd2 a5 25. Rhe1 Bg4 26. Kg3 Bxf3 27. Kxf3 Qb3+ 28. Kg4 Bd4 29. Rcd1 f5+ 0-1


[Site "https://www.chess.com"]

[Event "Titled Tuesday Blitz November 22 Early 2022"]
[White "Osmak, Yuliia"]
[Black "Dardha, Daniel"]
[WhiteFideId "14101602"]
[BlackFideId "240990"]
[WhiteElo "2328"]
[BlackElo "2528"]
[Result "0-1"]
[Round "03"]
[TimeControl "180+1"]
[Date "2022.11.23"]
[WhiteClock "0:00:11"]
[BlackClock "0:01:03"]

1. d4 d5 2. c4 e6 3. Nc3 h6 4. Nf3 Nf6 5. g3 Nc6 6. Bg2 Bd6 7. O-O O-O 8. Re1 dxc4 9. e4 e5 10. d5 Nb4 11. Bf1 Nd3 12. Bxd3 cxd3 13. Qxd3 a6 14. Nd2 Bh3 15. Nc4 Qd7 16. f3 Nh7 17. Ne3 Bc5 18. Kh1 Ng5 19. Nf5 Bxf5 20. exf5 Nh3 21. Kg2 Ng5 22. Bxg5 hxg5 23. Rxe5 Bd6 24. Re2 b5 25. Rae1 b4 26. Ne4 Qxf5 27. Qd2 Be7 28. Nf2 Bf6 29. Ng4 a5 30. Nxf6+ gxf6 31. Re7 Rad8 32. Rxc7 Rxd5 33. Qf2 Rfd8 34. Rc2 Kg7 35. Rce2 Rd3 36. Re3 Rd2 37. R1e2 Rd1 38. Re1 Qb1 39. Rxd1 Rxd1 40. a3 Rc1 41. axb4 axb4 42. Re2 b3 43. Qe3 Rc2 44. Kf2 Qxb2 45. f4 Rxe2+ 46. Qxe2 Qxe2+ 47. Kxe2 b2 0-1


[Site "https://www.chess.com"]

[Event "Titled Tuesday Blitz November 22 Early 2022"]
[White "Ostrovskiy, Aleksandr"]
[Black "Indjic, Aleksandar"]
[WhiteFideId "2034239"]
[BlackFideId "911925"]
[WhiteElo "2340"]
[BlackElo "2592"]
[Result "0-1"]
[Round "03"]
[TimeControl "180+1"]
[Date "2022.11.22"]
[WhiteClock "0:00:08"]
[BlackClock "0:00:12"]

1. d4 Nf6 2. Bf4 d6 3. Nc3 Nbd7 4. Nf3 Nh5 5. Bd2 e5 6. e4 Nhf6 7. Bc4 Be7 8. O-O c6 9. a4 h6 10. Re1 Qc7 11. Qe2 g5 12. d5 Nf8 13. a5 Ng6 14. h3 g4 15. hxg4 Bxg4 16. Qd3 Rg8 17. Nh2 h5 18. a6 b5 19. Bb3 b4 20. Nd1 cxd5 21. exd5 Bd7 22. Ba4 Rc8 23. Bxd7+ Qxd7 24. Kf1 Rc5 25. c4 bxc3 26. Nxc3 Nh4 27. Nf3 Nxg2 28. b4 Nxe1 29. Rxe1 Rc8 30. b5 Ng4 31. Ne4 f5 32. Ng3 e4 33. Nxe4 fxe4 34. Qxe4 Qxb5+ 35. Re2 Rc7 36. Qe6 Nf6 37. Bg5 Rxg5 38. Nxg5 Rc1+ 39. Kg2 Qd7 40. Qf7+ Kd8 41. Ne6+ Kc8 42. Rb2 Nxd5 43. Qg8+ Bd8 44. Nxd8 Nf4+ 45. Kf3 Qh3+ 46. Kxf4 Qh4+ 47. Kf3 Rc3+ 48. Ke2 Qe4+ 49. Kd2 Qd3+ 50. Ke1 Rc1# 0-1


[Site "https://www.chess.com"]

[Event "Titled Tuesday Blitz November 22 Early 2022"]
[White "Ovchinnikov, Vsevolod"]
[Black "Mrudul Dehankar"]
[WhiteFideId "24176842"]
[BlackFideId "25096990"]
[WhiteElo "2376"]
[BlackElo "2068"]
[Result "0-1"]
[Round "03"]
[TimeControl "180+1"]
[Date "2022.11.23"]
[WhiteClock "0:00:06"]
[BlackClock "0:00:08"]

1. d4 Nf6 2. c4 e6 3. g3 Bb4+ 4. Bd2 Qe7 5. Bg2 Bxd2+ 6. Qxd2 Nc6 7. d5 Ne5 8. Qc3 exd5 9. cxd5 d6 10. Nd2 O-O 11. Rc1 c6 12. dxc6 Nxc6 13. Ngf3 Bd7 14. e3 Rac8 15. O-O Ne5 16. Qd4 Bb5 17. Rxc8 Rxc8 18. Rb1 Nc6 19. Qh4 Ne5 20. Nd4 Bd3 21. Rd1 Ng6 22. Qg5 Rc5 23. h4 h6 24. Qxc5 dxc5 25. N4b3 b6 26. Nf3 Be4 27. Nbd2 Bb7 28. Nc4 Ne4 29. Ne1 Ne5 30. Nxe5 Qxe5 31. Nd3 Qd6 32. Bf3 Qf6 33. Bg2 c4 34. Nf4 g5 35. hxg5 hxg5 36. Nh3 Nc5 37. Bxb7 Nxb7 38. Rd2 Nc5 39. Rd5 Ne4 40. Kg2 Qxb2 41. Rf5 f6 42. g4 Kg7 43. Rd5 Nc5 44. Rd6 c3 45. Rc6 c2 46. Rc7+ Kg6 47. Nf4+ gxf4 48. exf4 c1=Q 49. f5+ Kh6 50. Rh7+ Kxh7 0-1


[Site "https://www.chess.com"]

[Event "Titled Tuesday Blitz November 22 Early 2022"]
[White "Ozates, Tuna"]
[Black "Osmonbekov, Talaibek"]
[WhiteFideId "6354521"]
[BlackFideId "2017253"]
[WhiteElo "2151"]
[BlackElo "2135"]
[Result "1-0"]
[Round "03"]
[TimeControl "180+1"]
[Date "2022.11.23"]
[WhiteClock "0:01:35"]
[BlackClock "0:00:04"]

1. d4 e6 2. c4 f5 3. Nc3 Nf6 4. g3 Bb4 5. Bg2 O-O 6. Nh3 d6 7. O-O Bxc3 8. bxc3 e5 9. Rb1 Nc6 10. f3 h6 11. Nf2 Qe8 12. e4 Na5 13. c5 dxc5 14. dxe5 Qxe5 15. Nd3 Qxc3 16. Bb2 Qc4 17. e5 Nd5 18. Re1 Be6 19. Rc1 Qb5 20. Nxc5 Qb6 21. Bd4 Rad8 22. Nd7 1-0


[Site "https://www.chess.com"]

[Event "Titled Tuesday Blitz November 22 Early 2022"]
[White "Ozen, Bahadir"]
[Black "Skliarov, Viktor"]
[WhiteFideId "6337058"]
[BlackFideId "14106736"]
[WhiteElo "2503"]
[BlackElo "2284"]
[Result "1-0"]
[Round "03"]
[TimeControl "180+1"]
[Date "2022.11.23"]
[WhiteClock "0:00:58"]
[BlackClock "0:00:44"]

1. g3 g6 2. Bg2 Bg7 3. Nf3 Nf6 4. O-O O-O 5. d3 c5 6. c3 d5 7. Bf4 Nc6 8. Ne5 Nxe5 9. Bxe5 Be6 10. Nd2 Qd7 11. b4 cxb4 12. cxb4 Bh3 13. Qb3 Bxg2 14. Kxg2 Ng4 15. Bxg7 Kxg7 16. h3 Nf6 17. Nf3 Rfc8 18. Rfc1 Rxc1 19. Rxc1 Rc8 20. Rxc8 Qxc8 21. Qb2 h5 22. Qe5 Qd7 23. a3 b6 24. Nd4 a5 25. Qb8 axb4 26. axb4 Qd6 27. Qxd6 exd6 28. Nb5 Ne8 29. Kf3 Kf6 30. Ke3 Ke5 31. f4+ Ke6 32. Kd4 f6 33. g4 h4 34. e3 1-0


[Site "https://www.chess.com"]

[Event "Titled Tuesday Blitz November 22 Early 2022"]
[White "Padmini, Rout"]
[Black "Martin, Lewis"]
[WhiteFideId "5029295"]
[BlackFideId "410551"]
[WhiteElo "2296"]
[BlackElo "2145"]
[Result "0-1"]
[Round "03"]
[TimeControl "180+1"]
[Date "2022.11.23"]
[WhiteClock "0:00:16"]
[BlackClock "0:00:15"]

1. e4 c5 2. Nf3 d6 3. c3 Nf6 4. Be2 Nc6 5. d4 cxd4 6. cxd4 g6 7. Nc3 Bg7 8. d5 Ne5 9. Nxe5 dxe5 10. Bb5+ Bd7 11. Qa4 O-O 12. O-O a6 13. Bxd7 Nxd7 14. Be3 b5 15. Qd1 Nb6 16. b3 Rc8 17. Rc1 f5 18. f3 Qd6 19. Qd2 f4 20. Bf2 Rc7 21. Rc2 Rfc8 22. Rfc1 e6 23. dxe6 Qxe6 24. Ne2 Rxc2 25. Rxc2 Bf8 26. Kf1 Rxc2 27. Qxc2 Nd7 28. Nc3 Qc6 29. Qd3 Kf7 30. Qd5+ Qxd5 31. Nxd5 Bd6 32. Ke2 Nf6 33. Kd3 Nxd5 34. exd5 Ke7 35. Ke4 Kf6 36. Be1 h5 37. h4 Ke7 38. Bc3 Kf6 39. Bb2 b4 40. Ba1 Bc7 41. Bb2 Bd6 42. Bc1 Bc7 43. d6 Bxd6 44. Kd5 Be7 45. Bb2 Kf5 46. Bxe5 Bxh4 47. Bd6 Be1 48. Kc4 g5 49. Kc5 g4 50. Kb6 h4 51. fxg4+ Kxg4 52. Kxa6 Bg3 53. Kb5 f3 54. gxf3+ Kxf3 55. Bxb4 h3 0-1


[Site "https://www.chess.com"]

[Event "Titled Tuesday Blitz November 22 Early 2022"]
[White "Pajeken, Jakob Leon"]
[Black "Begunov, Konstantin"]
[WhiteFideId "12942839"]
[BlackFideId "4118510"]
[WhiteElo "2429"]
[BlackElo "2140"]
[Result "1-0"]
[Round "03"]
[TimeControl "180+1"]
[Date "2022.11.23"]
[WhiteClock "0:00:58"]
[BlackClock "0:00:05"]

1. d4 d5 2. c4 c6 3. Nf3 Nf6 4. e3 a6 5. Be2 Bf5 6. Nc3 e6 7. a4 Ne4 8. O-O Bb4 9. Qb3 Qe7 10. a5 dxc4 11. Bxc4 c5 12. Ne2 Nc6 13. d5 Nxa5 14. Qa2 Nxc4 15. Qxc4 O-O 16. Nf4 b5 17. Qa2 c4 18. Nd4 Qd6 19. b3 Nc3 20. Qb2 Nxd5 21. Nxf5 exf5 22. Nxd5 Qxd5 23. bxc4 Qxc4 24. Rb1 a5 25. Qe5 Rab8 26. Bb2 f6 27. Qxf5 Rfd8 28. Rbc1 Qd5 29. Qg4 Rb7 30. Bxf6 Qd7 31. Qg3 Rf8 32. Bd4 Qf7 33. Rb1 Be7 34. Qe5 Ra8 35. Rxb5 Rxb5 36. Qxb5 Bb4 37. Qc6 Re8 38. h4 h6 39. g3 Re6 40. Qc8+ Kh7 41. Kg2 Rf6 42. Bxf6 Qxf6 43. Qc2+ Kh8 44. Qe4 Bf8 45. Rb1 Kg8 46. Rb8 Qf7 47. Ra8 Qa2 48. Qf5 a4 49. Rxf8# 1-0


[Site "https://www.chess.com"]